 Dungeon Crawl Stone Soup version 0.16-a0-3946-g4f19e5c (console) character file.

238 Fusha the Ducker (level 5, -3/28 HPs)
             Began as a Spriggan Abyssal Knight on Feb 9, 2015.
             Was a High Priest of Lugonu.
             Slain by a mummy (16 damage)
             ... in an ossuary.
             The game lasted 00:14:55 (4574 turns).

Fusha the Ducker (Spriggan Abyssal Knight)          Turns: 4574, Time: 00:14:55

Health: -3/28      AC:  6    Str:  8    XL:     5   Next: 78%
Magic:  12/12      EV: 20    Int: 14    God:    Lugonu [*****.]
Gold:   118        SH:  0    Dex: 15    Spells: 0 memorised, 4 levels left

rFire  + . .     SeeInvis +     a - +1 short sword
rCold  . . .     Clarity  .     b - +0 robe
rNeg   + . .     SustAb   .     (shield restricted)
rPois  .         Gourm    .     (helmet restricted)
rElec  .         Spirit   .     (no cloak)
rCorr  .         Warding  .     (gloves unavailable)
rMut   .         Stasis   .     (boots unavailable)
MR     .....                    (no amulet)
Stlth  ++........               (no ring)
                                m - ring of positive energy (curse)

@: very quick, not resistant to hostile enchantments, unstealthy
A: unfitting armour, rough black scales 1, see invisible, fire resistance 1,
herbivore 3, speed 3, slow healing 1, slow metabolism 2
a: Depart the Abyss, Bend Space, Banish, Corrupt, Enter the Abyss, Renounce
Religion


You were in an ossuary.
You worshipped Lugonu.
Lugonu was extremely pleased with you.
You were not hungry.

You visited 1 branch of the dungeon, and saw 4 of its levels.
You visited the Abyss 1 time.
You also visited: Sewer and Ossuary.

You collected 118 gold pieces.

Inventory:

Hand weapons
 a - a +1 short sword (weapon)
 n - a +0 hunting sling
 v - a +0 short sword of draining
Missiles
 i - 49 stones (quivered)
 q - 13 poisoned needles
Armour
 b - a +0 robe (worn)
Jewellery
 d - an uncursed ring of fire
 m - a cursed ring of positive energy (left hand)
Scrolls
 g - a scroll of fear {unknown}
 k - 4 scrolls of fog
 o - 5 scrolls of teleportation {unknown}
 r - a scroll of random uselessness {unknown}
 u - a scroll of amnesia {unknown}
 w - a scroll of blinking {unknown}
 x - a scroll of remove curse
Potions
 h - 3 potions of might
 j - 2 potions of heal wounds
 l - a potion of magic
 p - a potion of invisibility
 s - a potion of restore abilities {unknown}
Books
 t - a book of Death

   Spells                             Type                      Level
   a - Corpse Rot                     Necromancy                   2
   b - Sublimation of Blood           Necromancy                   2
   c - Agony                          Necromancy                   5
   d - Dispel Undead                  Necromancy                   5
   e - Excruciating Wounds            Charms/Necromancy            5
   f - Bolt of Draining               Conjuration/Necromancy       5
Miscellaneous
 f - a fan of gales
Comestibles
 c - 3 bread rations


   Skills:
 + Level 3.1 Fighting
 + Level 3.3 Short Blades
 + Level 2.1 Throwing
 - Level 0.6 Armour
 + Level 5.8 Dodging
 + Level 0.4 Stealth
 + Level 2.7 Invocations


You had 4 spell levels left.
You didn't know any spells.

Dungeon Overview and Level Annotations

Branches:
Dungeon (4/15)
 Temple: D:4-7

Altars:
Gozag
Qazlal
Trog


Innate Abilities, Weirdness & Mutations

You are tiny and cannot use many weapons and most armour.
You have supernaturally acute eyesight.
You are a herbivore.
You cover ground extremely quickly.
You need consume almost no food.
You are partially covered in rough black scales (AC +4, Dex -1).
Your flesh is heat resistant.
You heal slowly when monsters are visible.


Message History

You hit the mummy.
The mummy is heavily damaged.
The mummy misses you. The mummy closely misses you.
You barely miss the mummy.
The mummy is heavily damaged.
The mummy closely misses you.
You hit the mummy but do no damage.
The mummy is heavily damaged.
The mummy hits you!
You hit the mummy.
The mummy is severely damaged.
The mummy completely misses you.
You hit the mummy but do no damage.
The mummy is severely damaged.
The mummy barely misses you.
You barely miss the mummy.
The mummy is severely damaged.
The mummy hits you!
Ouch! That really hurt!
You die...

...
.......
.......
.......#
......#
#....#
#....#
#MM..#
#@...#
#....#
#....#
#....#
#....#
#.∩∩.#
######


You could see 2 mummies.

Vanquished Creatures
  A mummy (Ossuary)
  Robin (D:2)
  3 gnolls (D:3)
  4 adders
  3 giant mites (D:3)
  A worm (D:2)
  5 giant geckos
  5 orcs (D:3)
  3 bats
  10 hobgoblins
  10 jackals
  14 kobolds
  7 ball pythons
  6 giant cockroaches
  4 giant newts
  2 gnoll zombies (Ossuary)
  18 goblins
  A hobgoblin zombie (Ossuary)
  A kobold zombie (Ossuary)
  An orc zombie (Ossuary)
  2 quokkas (D:3)
  7 rats
  A toadstool (D:1)
110 creatures vanquished.

Vanquished Creatures (collateral kills)
  A gnoll (D:1)
  A giant cockroach (D:1)
2 creatures vanquished.

Vanquished Creatures (others)
  3 toadstools (D:1)
3 creatures vanquished.

Grand Total: 115 creatures vanquished

Notes
Turn   | Place    | Note
--------------------------------------------------------------
     0 | Abyss:1  | Fusha, the Spriggan Abyssal Knight, began the quest for the Orb.
     0 | Abyss:1  | Reached XP level 1. HP: 11/11 MP: 2/2
    45 | Abyss:1  | Found a corrupted altar of Lugonu.
    98 | Abyss:2  | Noticed a neqoxec
   106 | Abyss:2  | Noticed a flying skull
   106 | Abyss:2  | Noticed a flying skull
   106 | Abyss:2  | Noticed a flying skull
   106 | Abyss:2  | Noticed a flying skull
   106 | Abyss:2  | Noticed a flying skull
   108 | Abyss:2  | Noticed a flying skull
   109 | D:1      | Escaped the Abyss
   185 | D:1      | Acquired Lugonu's first power
   194 | D:1      | Reached XP level 2. HP: 16/16 MP: 4/4
   957 | D:2      | Noticed a water elemental
   978 | D:2      | Reached XP level 3. HP: 19/19 MP: 7/7
  1016 | D:2      | Acquired Lugonu's second power
  1056 | D:2      | Found an opulent altar of Gozag.
  1200 | D:2      | Found a stormy altar of Qazlal.
  1200 | D:2      | Noticed a fire elemental
  1203 | D:2      | Noticed an air elemental
  1203 | D:2      | Noticed an earth elemental
  1614 | D:2      | Noticed Robin
  1827 | D:2      | Reached skill level 4 in Dodging
  2320 | D:2      | Reached XP level 4. HP: 14/24 MP: 9/9
  2445 | D:2      | Killed Robin
  2793 | D:2      | Reached skill level 1 in Throwing
  2821 | D:3      | Found a glowing drain.
  2875 | Sewer    | Entered a sewer
  2887 | Sewer    | Acquired Lugonu's third power
  3083 | Sewer    | Reached XP level 5. HP: 17/28 MP: 12/12
  3534 | Sewer    | Gained mutation: You heal slowly when monsters are visible. [potion of mutation]
  3534 | Sewer    | Gained mutation: You are partially covered in rough black scales (AC +4, Dex -1). [potion of mutation]
  3534 | Sewer    | Gained mutation: Your flesh is heat resistant. [potion of mutation]
  3761 | D:3      | Acquired Lugonu's fourth power
  3830 | D:3      | Reached skill level 5 in Dodging
  3946 | D:3      | Found a bloodstained altar of Trog.
  4479 | D:4      | Found a sand-covered staircase.
  4491 | Ossuary  | Entered an ossuary
  4559 | Ossuary  | Acquired Lugonu's fifth power
  4574 | Ossuary  | Slain by a mummy

Action                   |  1- 3 |  4- 6 || total
-------------------------+-------+-------++-------
Melee: Short sword       |   145 |   249 ||   394
Throw: Stone             |    48 |     4 ||    52
Invok: Depart the Abyss  |     1 |       ||     1
Evoke: Fan of gales      |     1 |       ||     1
  Use: Scroll            |     3 |     5 ||     8
       Potion            |       |     7 ||     7
 Stab: Sleeping          |       |     2 ||     2
       Invisible         |       |     1 ||     1
  Eat: Bread ration      |       |     1 ||     1
